[Event "Red Bull Chess Masters 2018"]
[Site "Istanbul"]
[Date "2018.10.20"]
[Round "1.1"]
[White "Eren, Cuneyt"]
[Black "Celikel, Fatih"]
[Result "0-1"]
[ECO "E80"]
[WhiteElo "2084"]
[BlackElo "1856"]
[Annotator "NA RC"]
[PlyCount "62"]
[EventDate "2018.10.19"]
[EventType "team-tourn"]
[EventCountry "TUR"]
[SourceTitle "playchess.com"]
[Source "ChessBase"]
[SourceQuality "1"]
[TimeControl "600+5"]

1. d4 Nf6 2. c4 g6 3. Nc3 Bg7 4. e4 d6 5. f3 c6 6. Be3 {[%emt 0:00:23] LiveBook: 333 Games} a6 7. Qd2 h5 {[%emt 0:01:02] E80: Königsindisch (Sämisch-Angriff)} (7... b5 8. Bh6 Bxh6 9. Qxh6 Be6 10. Nh3 Bxh3 11. Qxh3 Nbd7 12. Qh6 b4 13. Na4 Nb6 14. Nxb6 Qxb6 15. O-O-O O-O-O 16. Be2 c5 17. d5 {½-½ (17) Vitiugov,N (2707)-Jobava,B (2715) Poikovsky 2010}) 8. Bd3 Nbd7 9. Nge2 Qc7 10. Rc1 e5 11. d5 c5 12. Nd1 $146 ({Vorgänger:} 12. a3 Rb8 13. Rb1 O-O 14. Bh6 b6 15. Bxg7 Kxg7 {1-0 (47) Jarmula,P (1828)-Janula,M (1767) Warsaw 2009}) 12... h4 13. Nf2 Rb8 14. a4 b6 15. Nh3 ({Better is} 15. O-O $16) 15... Nf8 16. Ng5 N8h7 17. h3 Nxg5 18. Bxg5 Bd7 19. b3 b5 20. axb5 axb5 21. O-O Qc8 22. Kh2 (22. Nc3 $16) 22... b4 23. Ra1 Nh5 24. Ra7 f6 25. Bxh4 Nf4 $18 (25... Bh6 $16 {is a better defense.} 26. Qa2 Nf4) 26. Nxf4 exf4 27. Rxd7 Qxd7 28. Bf2 g5 29. Ra1 f5 30. Ra6 g4 31. Qxf4 Be5 0-1

[Event "Red Bull Chess Masters 2018"]
[Site "Istanbul"]
[Date "2018.10.20"]
[Round "1.1"]
[White "Atas, Yunus"]
[Black "Tofan, Ibrahim"]
[Result "0-1"]
[ECO "D52"]
[WhiteElo "1921"]
[BlackElo "2070"]
[Annotator "NA RC"]
[PlyCount "124"]
[EventDate "2018.10.19"]
[EventType "team-tourn"]
[EventCountry "TUR"]
[SourceTitle "playchess.com"]
[Source "ChessBase"]
[SourceQuality "1"]
[TimeControl "600+5"]

1. d4 d5 2. Nf3 c6 3. c4 e6 4. cxd5 exd5 5. Qc2 Bb4+ 6. Nc3 Ne7 7. Bg5 h6 8. Bh4 Qa5 9. Bxe7 Bxe7 10. e3 Nd7 11. Bd3 Bd6 12. O-O {[%emt 0:00:10] D52: Queen's Gambit Declined: Cambridge Springs Variation} O-O 13. a3 Qd8 (13... Qc7 14. Rac1 Qd8 15. h3 Re8 16. e4 dxe4 17. Nxe4 Nf6 18. Nc5 Bxc5 19. dxc5 Be6 {1-0 (45) Agrest,E (2574)-Godena,M (2517) Ajaccio 2008}) 14. b4 a6 15. Rab1 Qe7 16. Na4 Nf6 17. h3 Ne4 $146 ({Predecessor:} 17... Rb8 18. Nc5 Re8 19. a4 {0-1 (38) Spirlin,M (2034)-Fer,V (2199) Ekaterinburg 2007}) 18. Nb6 Rb8 19. Nxc8 Rbxc8 20. Bxe4 dxe4 21. Nd2 f5 22. a4 Kh7 23. Qb3 Bb8 24. Nc4 Rcd8 25. b5 f4 26. bxc6 bxc6 27. Qb7 Qe6 28. Ne5 Bxe5 29. dxe5 f3 30. g4 Qxe5 31. Qxc6 {[%emt 0:00:14] [#]} Rd6 $2 ({Lieber} 31... Rf6 $1 $19 32. Qc4 h5) 32. Qc4 (32. Qc7 $11) 32... Rg6 33. Rb4 Re8 34. Qd4 Qe7 35. Kh2 Rxg4 36. Rg1 Rxg1 37. Kxg1 Qg5+ 38. Kf1 Qg2+ 39. Ke1 Qg1+ 40. Kd2 Qxf2+ 41. Kc3 Qe1+ 42. Kb2 Qe2+ 43. Kb3 f2 44. Rb7 Qd3+ 45. Qxd3 exd3 46. Rf7 Rxe3 47. Kc3 Rxh3 48. Rxf2 d2+ 49. Kxd2 Rh4 50. a5 Rh5 51. Kc3 Rxa5 52. Kb4 Rb5+ 53. Ka4 h5 54. Rd2 Rf5 55. Kb4 h4 56. Kc4 g5 57. Kd4 Kg6 58. Ke4 Rf6 59. Rd8 $19 h3 60. Rg8+ Kh5 61. Ke5 Rf1 62. Rh8+ Kg4 0-1

[Event "Red Bull Chess Masters 2018"]
[Site "Istanbul"]
[Date "2018.10.20"]
[Round "1.1"]
[White "Sural, Ceren"]
[Black "Sahin, Handenur"]
[Result "1/2-1/2"]
[ECO "C54"]
[WhiteElo "1662"]
[BlackElo "1998"]
[Annotator "NA RC"]
[PlyCount "117"]
[EventDate "2018.10.19"]
[EventType "team-tourn"]
[EventCountry "TUR"]
[SourceTitle "playchess.com"]
[Source "ChessBase"]
[SourceQuality "1"]
[TimeControl "600+5"]

1. e4 e5 2. Nf3 Nc6 3. Bc4 Nf6 4. d3 Bc5 5. c3 d6 6. h3 a6 7. Bb3 Ba7 8. Nbd2 O-O 9. Nf1 Ne7 {[%emt 0:00:23] LiveBook: 76 Partien C54: Italienische Partie (Hauptvariante)} 10. Qe2 (10. Ng3 Ng6 11. O-O h6 12. d4 Re8 13. Re1 b5 14. Be3 Bb7 15. Bc2 exd4 16. Nxd4 d5 17. Nb3 Bxe3 18. Rxe3 {½-½ (55) Miton,K (2584)-Bacrot,E (2725) Riadh 2017}) 10... Ng6 11. g3 Be6 12. Ne3 h6 $146 ({Vorgänger:} 12... Bxb3 13. axb3 d5 14. Nf5 {1-0 (48) Gregory,S (2161)-James,S (2041) Sunningdale 2008}) 13. Ng2 Bxb3 14. axb3 Qe7 15. Ngh4 Qe6 16. b4 Nxh4 17. Nxh4 d5 18. Nf5 Rfe8 19. g4 dxe4 20. dxe4 Qc6 21. f3 Qb5 22. Qxb5 axb5 23. g5 hxg5 24. Bxg5 Nd7 25. O-O-O Nf8 26. Ne7+ Kh7 27. Nd5 Ne6 28. Bd2 c6 29. Ne3 Red8 30. Nf5 Bb6 31. Kc2 Rd7 32. h4 Rad8 33. h5 Rd3 34. h6 g6 35. Ng7 Nf4 36. Bxf4 Rxd1 37. Rxd1 Rxd1 38. Kxd1 exf4 39. Ne8 Kxh6 40. Nd6 Kg7 41. Nxb7 Kf6 $11 42. Ke2 Ke7 43. Kd3 g5 44. e5 Ke6 45. Ke4 f5+ 46. exf6 Kxf6 47. Nd6 Ke6 48. Nf5 Bf2 49. Nh6 Bb6 50. Ng4 Bc7 51. Nf2 Bb6 52. Ng4 Bc7 53. b3 Bb6 54. c4 Bg1 55. cxb5 cxb5 56. Nh6 Bf2 57. Nf5 Bg1 58. Nh6 Be3 59. Nf5 1/2-1/2

[Event "Red Bull Chess Masters 2018"]
[Site "Istanbul"]
[Date "2018.10.20"]
[Round "1.1"]
[White "Eraslan, Ecem"]
[Black "Incecik, Seyma Zeynep"]
[Result "0-1"]
[ECO "B01"]
[WhiteElo "1290"]
[BlackElo "1796"]
[Annotator "NA RC"]
[PlyCount "41"]
[EventDate "2018.10.19"]
[EventType "team-tourn"]
[EventCountry "TUR"]
[SourceTitle "playchess.com"]
[Source "ChessBase"]
[SourceQuality "1"]
[TimeControl "600+5"]

1. e4 d5 2. exd5 Qxd5 3. d4 Nf6 4. Nf3 Bg4 5. Be2 e6 6. h3 Bh5 7. O-O Nc6 8. c4 Qd7 9. Be3 O-O-O 10. Qb3 Na5 11. Qc2 Bg6 12. Qd2 Nc6 13. Nc3 Ne4 14. Nxe4 Bxe4 15. a3 Bxf3 16. Bxf3 Nxd4 17. Bxd4 Qxd4 18. Qc2 Be7 19. b4 Bf6 20. Rab1 Kb8 21. c5 0-1

[Event "Red Bull Chess Masters 2018"]
[Site "Istanbul"]
[Date "2018.10.20"]
[Round "1.1"]
[White "Tofan, Zeynep"]
[Black "Sahin, Hayrun Nisa"]
[Result "0-1"]
[ECO "B46"]
[WhiteElo "1058"]
[BlackElo "1708"]
[Annotator "NA RC"]
[PlyCount "100"]
[EventDate "2018.10.19"]
[EventType "team-tourn"]
[EventCountry "TUR"]
[SourceTitle "playchess.com"]
[Source "ChessBase"]
[SourceQuality "1"]
[TimeControl "600+5"]

1. e4 c5 2. Nc3 e6 3. Nf3 a6 4. d4 cxd4 5. Nxd4 Qc7 6. a3 Nc6 7. Nxc6 bxc6 8. Bd3 d5 9. exd5 cxd5 10. Qe2 Bb7 11. O-O Nf6 12. g3 Qc6 13. Re1 Rc8 14. Bg5 d4 15. Ne4 Nxe4 16. Qxe4 Qxe4 17. Bxe4 Bxe4 18. Rxe4 f6 19. Bd2 Rxc2 20. Rxd4 Bc5 21. Rd3 O-O 22. b4 Bb6 23. Rd1 Rfc8 24. Rd6 R8c6 25. Rxc6 Rxc6 26. a4 Kf7 27. a5 Bd4 28. Be3 Bxe3 29. fxe3 Rc3 30. Rd7+ Kg6 31. Kf2 Rb3 32. Rb7 Rb2+ 33. Ke1 Rxh2 34. b5 axb5 35. Rxb5 Ra2 36. Kd1 e5 37. e4 h5 38. Kc1 Ra3 39. Kb2 Rxg3 40. a6 h4 41. a7 h3 42. a8=Q h2 43. Qe8+ Kg5 44. Rxe5+ fxe5 45. Qxe5+ Kh4 46. Qf4+ Kh3 47. Qf5+ Kg2 48. e5 h1=Q 49. Qe4+ Kh2 50. Qh7+ Rh3 0-1

[Event "Red Bull Chess Masters 2018"]
[Site "Istanbul"]
[Date "2018.10.20"]
[Round "1.2"]
[White "Tofan, Ibrahim"]
[Black "Atas, Yunus"]
[Result "1-0"]
[ECO "B11"]
[WhiteElo "2070"]
[BlackElo "1921"]
[Annotator "NA RC"]
[PlyCount "81"]
[EventDate "2018.10.19"]
[EventType "team-tourn"]
[EventCountry "TUR"]
[SourceTitle "playchess.com"]
[Source "ChessBase"]
[SourceQuality "1"]
[TimeControl "600+5"]

1. e4 c6 2. Nc3 d5 3. Nf3 Bg4 4. h3 Bh5 5. exd5 cxd5 6. Bb5+ Nc6 7. d4 e6 8. g4 Bg6 9. Ne5 Rc8 10. h4 f6 11. Nxg6 hxg6 12. Qd3 Kf7 13. Bxc6 Rxc6 14. h5 gxh5 15. Rxh5 Rxh5 16. gxh5 Bb4 17. Bd2 Ne7 18. a3 Bxc3 19. Bxc3 Nf5 20. O-O-O Qc7 21. Kb1 Qf4 22. Qe2 Rc7 23. f3 Nd6 24. Qf2 Nc4 25. Qg2 Qh6 26. Rg1 Nxa3+ 27. bxa3 Rxc3 28. Kb2 Rc4 29. f4 Rxd4 30. f5 exf5 31. Qg3 f4 32. Qg4 Kg8 33. Qe6+ Kh7 34. Qf5+ Kg8 35. Rg6 Qh7 36. h6 Kf7 37. Rxg7+ Qxg7 38. Qd7+ Kg6 39. Qxg7+ Kf5 40. h7 f3 41. Qh8 1-0

[Event "Red Bull Chess Masters 2018"]
[Site "Istanbul"]
[Date "2018.10.20"]
[Round "1.2"]
[White "Sahin, Handenur"]
[Black "Sural, Ceren"]
[Result "1-0"]
[ECO "B01"]
[WhiteElo "1998"]
[BlackElo "1662"]
[Annotator "NA RC"]
[PlyCount "97"]
[EventDate "2018.10.19"]
[EventType "team-tourn"]
[EventCountry "TUR"]
[SourceTitle "playchess.com"]
[Source "ChessBase"]
[SourceQuality "1"]
[TimeControl "600+5"]

1. e4 d5 2. exd5 Qxd5 3. d4 Nf6 4. Nf3 c6 5. Be2 Qd8 6. O-O Bf5 7. c4 e6 8. Nc3 Be7 9. h3 O-O 10. Bg5 Nbd7 11. Bd3 Bg6 12. Bxg6 hxg6 13. Qd2 Nb6 14. Ne5 Nfd7 15. Bxe7 Qxe7 16. Nxd7 Qxd7 17. b3 e5 18. Rad1 Rad8 19. c5 Nc8 20. d5 cxd5 21. Qxd5 Qc7 22. Qc4 Ne7 23. Nb5 Qb8 24. Rxd8 Rxd8 25. Nd6 Rf8 26. Rd1 Nc6 27. Qb5 Nd8 28. Qd7 Ne6 29. b4 b6 30. c6 Nc7 31. b5 Qd8 32. Nxf7 Qf6 33. Qxc7 Rxf7 34. Qd8+ Qxd8 35. Rxd8+ Kh7 36. Rd7 Rf8 37. Rxa7 Rc8 38. Rb7 e4 39. Rxb6 Kg8 40. Rb7 Kf8 41. c7 Ke7 42. b6 Kd7 43. Rb8 g5 44. a4 g6 45. a5 g4 46. hxg4 g5 47. a6 e3 48. fxe3 Kc6 49. Rxc8 1-0

[Event "Red Bull Chess Masters 2018"]
[Site "Istanbul"]
[Date "2018.10.20"]
[Round "1.2"]
[White "Celikel, Fatih"]
[Black "Eren, Cuneyt"]
[Result "1-0"]
[ECO "D02"]
[WhiteElo "1856"]
[BlackElo "2084"]
[Annotator "NA RC"]
[PlyCount "65"]
[EventDate "2018.10.19"]
[EventType "team-tourn"]
[EventCountry "TUR"]
[SourceTitle "playchess.com"]
[Source "ChessBase"]
[SourceQuality "1"]
[TimeControl "600+5"]

1. d4 d5 2. Bf4 Nf6 3. e3 e6 4. Nf3 Bd6 5. Bg3 Qe7 6. Nbd2 Nbd7 7. Ne5 c5 8. c3 c4 9. Be2 O-O 10. O-O Ne8 11. b3 Bxe5 12. dxe5 b5 13. Qc2 Bb7 14. a4 a6 15. axb5 axb5 16. Rxa8 Bxa8 17. Ra1 Nc7 18. Nf3 Nc5 19. b4 Na4 20. Bh4 Qd7 21. Nd4 Bb7 22. f4 Ne8 23. Bg4 g6 24. Bg5 Ng7 25. h4 Ra8 26. Rc1 Nb6 27. Qe2 Ra3 28. h5 Na4 29. hxg6 hxg6 30. Qe1 Ra2 31. Bf6 Nb2 32. Qh4 Nd3 33. Qh6 1-0

[Event "Red Bull Chess Masters 2018"]
[Site "Istanbul"]
[Date "2018.10.20"]
[Round "1.2"]
[White "Incecik, Seyma Zeynep"]
[Black "Eraslan, Ecem"]
[Result "1/2-1/2"]
[ECO "A06"]
[WhiteElo "1796"]
[BlackElo "1290"]
[Annotator "NA RC"]
[PlyCount "85"]
[EventDate "2018.10.19"]
[EventType "team-tourn"]
[EventCountry "TUR"]
[SourceTitle "playchess.com"]
[Source "ChessBase"]
[SourceQuality "1"]
[TimeControl "600+5"]

1. b3 d5 2. Bb2 c5 3. e3 Nf6 4. Nf3 Bf5 5. Bb5+ Bd7 6. Be2 Nc6 7. O-O e6 8. d4 cxd4 9. Nxd4 Be7 10. c4 dxc4 11. Bxc4 Nxd4 12. Qxd4 Bc6 13. Qh4 O-O 14. Nc3 Ne4 15. Qg4 Nxc3 16. Bxc3 Bf6 17. Rfd1 Qe7 18. Bxf6 Qxf6 19. Rac1 Rfd8 20. h3 Rxd1+ 21. Rxd1 Rd8 22. Bd3 h6 23. Qe2 a6 24. Rc1 Qg5 25. f3 Rd6 26. Rd1 Qe7 27. Qd2 Kf8 28. Qb4 Ke8 29. e4 Qd7 30. Qc3 Bb5 31. Qxg7 Rxd3 32. Qh8+ Ke7 33. Rxd3 Qxd3 34. Qxh6 Qd4+ 35. Kh1 Qa1+ 36. Kh2 Qe5+ 37. Kh1 Qg3 38. Qc1 Qd6 39. Qg5+ Kf8 40. Qh6+ Ke8 41. Qh8+ Ke7 42. Qh4+ Ke8 43. Qh8+ 1/2-1/2

[Event "Red Bull Chess Masters 2018"]
[Site "Istanbul"]
[Date "2018.10.20"]
[Round "1.2"]
[White "Yarar, Muammer Atakan"]
[Black "Yeke, Serkan"]
[Result "0-1"]
[ECO "A81"]
[WhiteElo "1784"]
[BlackElo "2117"]
[Annotator "NA RC"]
[PlyCount "122"]
[EventDate "2018.10.19"]
[EventType "team-tourn"]
[EventCountry "TUR"]
[SourceTitle "playchess.com"]
[Source "ChessBase"]
[SourceQuality "1"]
[TimeControl "600+5"]

1. d4 f5 2. Nf3 Nf6 3. g3 e6 4. Bg2 d5 5. O-O Bd6 6. e3 O-O 7. b3 Qe7 8. c4 c6 9. Bb2 b6 10. Nc3 Bb7 11. Nd2 Nbd7 12. Rc1 Ne4 13. f3 Nxc3 14. Bxc3 e5 $15 15. Re1 e4 16. f4 a5 17. Bf1 Nf6 18. Be2 Ba3 19. Rb1 Rfc8 20. Qc2 b5 21. c5 Bb4 22. a4 Bxc3 23. Qxc3 b4 24. Qc2 Kh8 25. Kh1 Rg8 26. Rf1 Bc8 27. Rg1 g5 28. fxg5 Rxg5 29. Rbf1 Be6 30. Rf4 Rag8 31. Qd1 Qg7 32. Nf1 Qh6 33. Qe1 Nh5 34. Bxh5 Qxh5 35. Qf2 Qd1 36. Nd2 Qc2 37. Rg2 Qd3 38. Rh4 Rg4 39. Rxg4 Rxg4 40. h3 Rg7 41. Qf4 Qa6 42. Qe5 Bd7 43. Kh2 Kg8 44. Rf2 Qc8 45. Nf1 Qd8 46. Qd6 Rg6 47. Qe5 Rg7 48. Rf4 h6 49. Qd6 Qg5 50. Qb8+ Kh7 51. Qe5 Qh5 52. Kg2 Qe2+ 53. Rf2 Qh5 54. Qf4 Qd1 55. Nd2 Qe1 56. Qc7 Qxe3 57. Qxa5 Qxg3+ 58. Kf1 Qd3+ 59. Re2 f4 60. Ke1 e3 61. Nf1 Qb1# 0-1

[Event "Red Bull Chess Masters 2018"]
[Site "Istanbul"]
[Date "2018.10.20"]
[Round "1.2"]
[White "Sahin, Hayrun Nisa"]
[Black "Tofan, Zeynep"]
[Result "1-0"]
[ECO "C46"]
[WhiteElo "1708"]
[BlackElo "1058"]
[Annotator "NA RC"]
[PlyCount "61"]
[EventDate "2018.10.19"]
[EventType "team-tourn"]
[EventCountry "TUR"]
[SourceTitle "playchess.com"]
[Source "ChessBase"]
[SourceQuality "1"]
[TimeControl "600+5"]

1. e4 e5 2. Nf3 Nc6 3. Nc3 Bb4 4. Bb5 d6 5. O-O Bd7 6. d3 Nf6 7. Bg5 Bxc3 8. bxc3 h6 9. Bxf6 Qxf6 10. Bxc6 Bxc6 11. Re1 O-O 12. d4 exd4 13. cxd4 Rfe8 14. Qd3 Rad8 15. Rab1 b6 16. Re3 a5 17. Rbe1 Bb7 18. c3 c5 19. d5 Rd7 20. Qe2 Qd8 21. c4 Rde7 22. e5 dxe5 23. Nxe5 Qd6 24. Qb2 f6 25. Ng4 Rxe3 26. Rxe3 Rxe3 27. Nxe3 Bc8 28. Qb1 Bd7 29. Qe4 Qc7 30. Qe7 Kh8 31. Nf5 1-0

[Event "Red Bull Chess Masters 2018"]
[Site "Istanbul"]
[Date "2018.10.20"]
[Round "2.1"]
[White "Atas, Yunus"]
[Black "Degirmenci, Yagiz"]
[Result "0-1"]
[ECO "D36"]
[WhiteElo "1921"]
[BlackElo "1881"]
[Annotator "NA RC"]
[PlyCount "106"]
[EventDate "2018.10.19"]
[EventType "team-tourn"]
[EventCountry "TUR"]
[SourceTitle "playchess.com"]
[Source "ChessBase"]
[SourceQuality "1"]
[TimeControl "600+5"]

1. d4 d5 2. Nf3 Nf6 3. c4 e6 4. Nc3 Be7 5. Bg5 O-O 6. e3 Nbd7 7. Qc2 c6 8. cxd5 exd5 9. Bd3 h6 10. Bh4 Re8 11. O-O Ne4 12. Nxe4 dxe4 {[%emt 0:00:12] D36: Queen's Gambit Declined: Exchange Variation: Main line (5 Bg5 c6 6 Qc2)} 13. Bxe4 Bxh4 14. Rac1 $146 ({Predecessor:} 14. Ne5 Nxe5 15. dxe5 Rxe5 16. f4 Re8 17. g3 Bf6 18. Bh7+ Kh8 19. e4 Bd4+ 20. Kh1 Kxh7 21. e5+ Kg8 {0-1 (21) Ergenc,C (1657)-Fugger,C (1881) Hoersching 2017}) 14... Bf6 15. b4 Qe7 16. Bd3 Qxb4 17. Bc4 Nb6 18. Bb3 Be6 19. Bxe6 Rxe6 20. Nd2 Rd8 21. Rb1 Qe7 22. a4 Nd5 23. Nc4 Rc8 24. Qb3 b6 25. Rfc1 Qd7 26. Nd2 c5 27. e4 Nf4 28. Qf3 Ng6 29. d5 Ree8 30. Qd3 Bg5 31. Re1 Ne5 32. Qc2 Qg4 33. f3 Qd7 34. a5 Bxd2 35. Qxd2 c4 36. axb6 axb6 37. Qd4 b5 38. f4 Nd3 39. Re3 Nxf4 40. Rf1 Qg4 41. Rf2 Ng6 42. d6 Qd7 43. e5 {[%emt 0:00:07] [#]} c3 $1 44. Rxc3 Rxc3 45. Qxc3 Nxe5 46. Qd4 Nc4 47. Rf5 Qxd6 $19 (47... Qxf5 $142 48. Qa1 Qc5+ 49. Kh1 Qf2 50. h4 Re1+ 51. Qxe1 Qxe1+ 52. Kh2 Nxd6 53. Kh3 Ne4 54. Kh2 h5 55. g4 Qg3+ 56. Kh1 Nf2#) 48. Rd5 Qe6 49. h3 Qe1+ 50. Kh2 Ne3 51. Rd8 Nf1+ 52. Kg1 Ne3+ 53. Kh2 Nf5 0-1

[Event "Red Bull Chess Masters 2018"]
[Site "Istanbul"]
[Date "2018.10.20"]
[Round "2.1"]
[White "Celikel, Fatih"]
[Black "Aliakbarov, Anar"]
[Result "0-1"]
[ECO "D00"]
[WhiteElo "1856"]
[BlackElo "2281"]
[Annotator "RC"]
[PlyCount "72"]
[EventDate "2018.10.19"]
[EventType "team-tourn"]
[EventCountry "TUR"]
[SourceTitle "playchess.com"]
[Source "ChessBase"]
[SourceQuality "1"]
[TimeControl "600+5"]

1. d4 d5 2. Bf4 Nf6 3. e3 c5 4. c3 Nc6 5. Nd2 cxd4 6. exd4 Bf5 7. Qb3 Qc8 8. Ngf3 e6 9. Bb5 Be7 10. O-O O-O 11. Rfe1 a6 12. Bxc6 bxc6 13. Qa4 c5 14. Nb3 Ne4 15. Na5 Qe8 16. Qc6 cxd4 17. Nxd4 Bg6 18. f3 Nc5 19. Re2 Rc8 20. Qxe8 Rfxe8 21. Nac6 Bf6 22. Ne5 Nd3 23. Nxd3 Bxd3 24. Re3 Bg6 25. Be5 Bd8 26. Rae1 f6 27. Bd6 e5 28. Nb3 Bb6 29. Kf1 Bxe3 30. Rxe3 Red8 31. Bc5 Bc2 32. Be7 Rd7 33. Bb4 Bxb3 34. axb3 d4 35. Rd3 dxc3 36. Rxd7 cxb2 0-1

[Event "Red Bull Chess Masters 2018"]
[Site "Istanbul"]
[Date "2018.10.20"]
[Round "2.1"]
[White "Sural, Ceren"]
[Black "Sahin, Hayrun Nisa"]
[Result "1/2-1/2"]
[ECO "B70"]
[WhiteElo "1662"]
[BlackElo "1708"]
[Annotator "NA RC"]
[PlyCount "132"]
[EventDate "2018.10.19"]
[EventType "team-tourn"]
[EventCountry "TUR"]
[SourceTitle "playchess.com"]
[Source "ChessBase"]
[SourceQuality "1"]
[TimeControl "600+5"]

1. e4 c5 2. Nf3 d6 3. d4 cxd4 4. Nxd4 Nf6 5. Nc3 g6 6. Bc4 Bg7 7. f3 a6 8. Bb3 b5 9. Nd5 Bb7 10. Nxf6+ Bxf6 11. c3 Nc6 12. Bh6 Nxd4 13. cxd4 Qb6 14. Be3 e5 15. Bf2 exd4 16. O-O O-O 17. Qd3 Rad8 18. Rad1 d5 19. exd5 Bxd5 20. Rd2 Bxb3 21. Qxb3 Rd7 22. Rfd1 Rfd8 23. a4 Rd5 24. Rd3 Qc5 25. axb5 Qxb5 26. Qa2 R5d6 27. Bg3 Rd5 28. R1d2 Rc8 29. Qa1 Rdc5 30. Rd1 Rc2 31. b3 R8c3 32. Qb1 Qc5 33. Rxc3 Qxc3 34. b4 Qb2 35. Qxb2 Rxb2 36. Be1 Rb3 37. Kf2 Kf8 38. Ke2 Ke7 39. Rd3 Rxd3 40. Kxd3 Kd6 41. f4 Kd5 42. g3 Be7 43. Bd2 Bf6 44. h4 Bg7 45. Be1 h6 46. Bd2 f6 47. Bc1 g5 48. hxg5 hxg5 49. fxg5 fxg5 50. Bxg5 Bf8 51. Bd2 Bd6 52. g4 Bf8 53. g5 Bg7 54. Be1 Bh8 55. Bd2 Bg7 56. Bc1 Bh8 57. Bd2 Bg7 58. Bf4 Bf8 59. Bd2 Bg7 60. Be1 Bf8 61. g6 Bg7 62. Bh4 Ke5 63. Bf2 Kd5 64. Bh4 Ke5 65. Be7 Kd5 66. Bc5 a5 1/2-1/2

[Event "Red Bull Chess Masters 2018"]
[Site "Istanbul"]
[Date "2018.10.20"]
[Round "2.1"]
[White "Eraslan, Ecem"]
[Black "Dai, Irmak"]
[Result "1-0"]
[ECO "B22"]
[WhiteElo "1290"]
[BlackElo "1854"]
[Annotator "NA RC"]
[PlyCount "82"]
[EventDate "2018.10.19"]
[EventType "team-tourn"]
[EventCountry "TUR"]
[SourceTitle "playchess.com"]
[Source "ChessBase"]
[SourceQuality "1"]
[TimeControl "600+5"]

1. e4 c5 2. c3 d5 3. exd5 Qxd5 4. d4 cxd4 5. cxd4 Nc6 6. Nf3 e6 7. Be2 Nf6 8. Nc3 Qd8 9. O-O Be7 10. a3 O-O 11. h3 Nd5 12. Nxd5 $11 Qxd5 13. Be3 b5 14. Qd3 a6 15. Rac1 Bb7 16. Rfd1 Rac8 17. Bf1 Rfd8 18. Kh1 Rd7 19. Bf4 f6 20. Be3 Rcd8 21. Rc3 Na5 22. Qd2 Nc6 23. Kg1 b4 24. Rd3 bxa3 25. bxa3 Na5 26. Rc3 Nc6 27. Qc2 Qa5 28. Bd2 Qb6 29. Be3 Rc8 30. Rb1 Qa7 31. d5 Qa8 32. dxc6 Rxc6 33. Rxc6 Bxc6 34. Be2 Bxa3 35. Qb3 Bf8 36. Qxe6+ Kh8 37. Bc4 Ba3 38. Rb3 Bd6 39. Rd3 Qb8 40. Rb3 Qc8 41. Rb6 Bxf3 1-0

[Event "Red Bull Chess Masters 2018"]
[Site "Istanbul"]
[Date "2018.10.20"]
[Round "2.1"]
[White "Tofan, Zeynep"]
[Black "Sahin, Handenur"]
[Result "0-1"]
[ECO "C55"]
[WhiteElo "1058"]
[BlackElo "1998"]
[Annotator "NA RC"]
[PlyCount "40"]
[EventDate "2018.10.19"]
[EventType "team-tourn"]
[EventCountry "TUR"]
[SourceTitle "playchess.com"]
[Source "ChessBase"]
[SourceQuality "1"]
[TimeControl "600+5"]

1. e4 e5 2. Nf3 Nc6 3. Nc3 Nf6 4. Bc4 Nxe4 5. Nxe4 d5 6. Bxd5 Qxd5 7. Nc3 Qd8 8. d3 Be7 9. h3 O-O 10. O-O Bf5 11. Re1 Bd6 12. Be3 Re8 13. a3 h6 14. Qd2 Qd7 15. Kf1 Rad8 16. Nd5 Qe6 17. Nc3 Bf8 18. Rad1 Qf6 19. Qc1 Bxh3 20. gxh3 Qxf3 0-1

[Event "Red Bull Chess Masters 2018"]
[Site "Istanbul"]
[Date "2018.10.20"]
[Round "2.2"]
[White "Sahin, Handenur"]
[Black "Tofan, Zeynep"]
[Result "1-0"]
[ECO "C62"]
[WhiteElo "1998"]
[BlackElo "1058"]
[Annotator "NA RC"]
[PlyCount "56"]
[EventDate "2018.10.19"]
[EventType "team-tourn"]
[EventCountry "TUR"]
[SourceTitle "playchess.com"]
[Source "ChessBase"]
[SourceQuality "1"]
[TimeControl "600+5"]

1. e4 e5 2. Nf3 Nc6 3. Bb5 d6 4. Nc3 Bd7 5. O-O Be7 6. d4 exd4 7. Nxd4 Nxd4 8. Qxd4 Nf6 9. Bc4 O-O 10. Bg5 h6 11. Bh4 a6 12. a4 Rb8 13. a5 Re8 14. Rfe1 Bc6 15. Bg3 Qd7 16. h3 Rbd8 17. Nd5 Nxd5 18. exd5 Bb5 19. Bb3 Bf6 20. Qd2 Bxb2 21. c4 Bxa1 22. Rxa1 Bxc4 23. Bxc4 Qf5 24. Bd3 Qf6 25. Rc1 Rd7 26. Qb4 c6 27. dxc6 bxc6 28. Bxa6 Re6 1-0

[Event "Red Bull Chess Masters 2018"]
[Site "Istanbul"]
[Date "2018.10.20"]
[Round "2.2"]
[White "Degirmenci, Yagiz"]
[Black "Atas, Yunus"]
[Result "1/2-1/2"]
[ECO "D46"]
[WhiteElo "1881"]
[BlackElo "1921"]
[Annotator "NA"]
[PlyCount "150"]
[EventDate "2018.10.19"]
[EventType "team-tourn"]
[EventCountry "TUR"]
[SourceTitle "playchess.com"]
[Source "ChessBase"]
[SourceQuality "1"]
[TimeControl "600+5"]

1. d4 Nf6 2. Nf3 d5 3. c4 c6 4. e3 e6 5. b3 Bd6 6. Bd3 Nbd7 7. Bb2 O-O 8. O-O Re8 9. Nc3 e5 10. dxe5 {[%emt 0:00:16] D46: Semi-Slav: 5 e3 Nbd7 6 Bd3, Black avoids the Meran} Nxe5 11. cxd5 cxd5 12. Be2 Bf5 13. Nxd5 Rc8 $146 ({Predecessor:} 13... Be4 14. Nc3 Bc6 15. Nd4 Qe7 16. Nf5 {1-0 (16) Stern,R (2506)-Damm,H (1831) Berlin 2010}) 14. Nxf6+ Qxf6 15. Nxe5 Bxe5 16. Bxe5 Qxe5 17. Bc4 Red8 18. Qf3 b5 19. Be2 Rd2 20. Rfe1 Be4 21. Qg3 Qxg3 22. hxg3 Rcc2 23. Rad1 b4 24. Bc4 Rxa2 25. Rxd2 Rxd2 26. Ra1 Rd7 27. Ra5 g6 28. Re5 Bd3 29. Rb5 Bxc4 30. bxc4 Rd1+ 31. Kh2 Rd2 32. f3 Rd3 33. Rxb4 Rxe3 34. Ra4 Re7 35. c5 Rc7 36. Kh3 f6 37. Kg4 Kf7 38. Kf4 Ke6 39. Ke4 Rxc5 40. Rxa7 Re5+ 41. Kd3 h5 42. Ra6+ Kf5 43. f4 Re1 44. Rb6 Rg1 45. Ke3 Rxg2 46. Kf3 Rd2 47. Rb5+ Ke6 48. Ra5 Rd3+ 49. Kf2 Rb3 50. Kg2 Kf7 51. Kf2 h4 52. gxh4 Rh3 53. f5 Rxh4 54. Ra7+ Kg8 55. fxg6 Rg4 56. Kf3 Rxg6 57. Kf4 Rg5 58. Rb7 Re5 59. Ra7 Kf8 60. Rb7 Ke8 61. Ra7 $11 Re7 62. Rxe7+ Kxe7 63. Kf5 Kf7 64. Kf4 Ke6 65. Ke4 f5+ 66. Kf4 Kf6 67. Kf3 Ke5 68. Ke3 f4+ 69. Kf3 Kf5 70. Kf2 Ke4 71. Ke2 f3+ 72. Kf1 Kf5 73. Kf2 Kg4 74. Kf1 Kf4 75. Kf2 Ke4 1/2-1/2

[Event "Red Bull Chess Masters 2018"]
[Site "Istanbul"]
[Date "2018.10.20"]
[Round "2.2"]
[White "Dai, Irmak"]
[Black "Eraslan, Ecem"]
[Result "0-1"]
[ECO "C06"]
[WhiteElo "1854"]
[BlackElo "1290"]
[Annotator "NA RC"]
[PlyCount "58"]
[EventDate "2018.10.19"]
[EventType "team-tourn"]
[EventCountry "TUR"]
[SourceTitle "playchess.com"]
[Source "ChessBase"]
[SourceQuality "1"]
[TimeControl "600+5"]

1. e4 e6 2. d4 d5 3. Nd2 Nf6 4. e5 Nfd7 5. Bd3 c5 6. c3 Nc6 7. Ne2 cxd4 8. cxd4 f6 9. exf6 Nxf6 10. O-O Bd6 11. Nf3 Qc7 12. h3 O-O 13. Bd2 Bd7 14. Rc1 Nh5 15. Qc2 h6 16. Bh7+ Kh8 17. Nh4 Be8 18. Bg6 Rf6 19. Bxe8 Rxe8 20. Ng6+ Kg8 21. g4 Nxd4 22. Qxc7 Nxe2+ 23. Kh1 Bxc7 24. Rxc7 Nhg3+ 25. Kg2 Nxf1 26. Kxf1 Ng3+ 27. Kg2 Rxg6 28. Kxg3 e5 29. Rxb7 Rb6 0-1